 Dungeon Crawl Stone Soup version 0.27.1-33-g824d729ab1 (console) character file.

Game seed: 10093634154721686832

96 Banquo the Cutter (level 4, -3/33 HPs)
             Began as a Djinni Gladiator on Dec 16, 2021.
             Slain by a black bear (10 damage)
             ... on level 3 of the Dungeon.
             The game lasted 00:10:58 (4084 turns).

Banquo the Cutter (Djinni Gladiator)                Turns: 4084, Time: 00:10:58

Health: -3/33      AC:  4    Str: 13    XL:     4   Next: 98%
Gold:   150        EV: 12    Int: 16    God:
                   SH:  4    Dex: 15

rFire    + + .     SeeInvis .   a - +0 rapier
rCold    x . .     Faith    .   i - +0 buckler
rNeg     . . .     Spirit   .   b - +0 leather armour
rPois    ∞         Reflect  .   c - +0 helmet
rElec    .         Harm     .   (no cloak)
rCorr    .         Rampage  .   (no gloves)
Will     .....                  (boots unavailable)
Stlth    +.........             (no amulet)
HPRegen  0.11/turn              p - +6 ring of intelligence
MPRegen  0.00/turn              (no ring)

@: flying
A: sickness immunity, fire resistance 2, cold vulnerability 1, float, innate
caster, hp casting, extra vitality 1
a: no special abilities


You were on level 3 of the Dungeon.
You visited 1 branch of the dungeon, and saw 3 of its levels.

You collected 150 gold pieces.

Inventory:

Hand Weapons
 a - a +0 rapier (weapon)
Missiles
 d - 3 throwing nets (quivered)
 e - 110 stones
 q - 2 boomerangs
Armour
 b - a +0 leather armour (worn)
 c - a +0 helmet (worn)
 i - a +0 buckler (worn)
 n - a +0 plate armour
Jewellery
 p - a +6 ring of intelligence (left hand)
Scrolls
 f - a scroll of summoning {unknown}
 g - a scroll of enchant armour {unknown}
 h - 4 scrolls of identify {unknown}
 k - a scroll of enchant weapon {unknown}
 l - a scroll of fog {unknown}
 m - a scroll of teleportation {unknown}
 o - 3 scrolls of vulnerability {unknown}
Potions
 j - a potion of lignification {unknown}


   Skills:
 - Level 2.0 Fighting
 * Level 4.7 Short Blades
 - Level 1.5 Throwing
 - Level 3.2 Dodging
 * Level 0.4 Shields


You had 2 spell levels left.
You knew the following spells:

 Your Spells              Type           Power      Damage    Failure   Level
a - Corona                Hex            0%         N/A       45%         1
Your spell library was empty.

Dungeon Overview and Level Annotations

Branches:
Dungeon (3/15)

Altars:
Hepliaklqana
Qazlal

Annotations:
D:3 Ijyb


Innate Abilities, Weirdness & Mutations

You are immune to sickness and miasma.
You are immune to poison.
Your flesh is very heat resistant. (rF++)
You are vulnerable to cold. (rC-)
You float through the air rather than walking.
You learn spells naturally, not from books.
Your magical power is your life essence.
You have superior vitality. (+4 HP)


Message History

A black bear is nearby!
There is a stone staircase leading down here.
There is an open door here.
You hit the black bear.
The black bear is moderately wounded.
The black bear bites you. The black bear claws you. x2
You barely miss the black bear.
The black bear is moderately wounded.
The black bear bites you. The black bear claws you. x2
You hit the black bear.
The black bear is moderately wounded.
The black bear barely misses you. The black bear misses you.
The black bear completely misses you.
You hit the black bear.
The black bear is moderately wounded.
You block the black bear's attack. The black bear barely misses you.
The black bear closely misses you.
You puncture the black bear!
The black bear is severely wounded.
The black bear bites you. You block the black bear's attack.
The black bear barely misses you.
You hit the black bear but do no damage.
The black bear is severely wounded.
The black bear bites you but does no damage.
The black bear claws you but does no damage.
The black bear barely misses you.
You closely miss the black bear.
The black bear is severely wounded.
The black bear bites you.
The black bear claws you but does no damage.
The black bear barely misses you.
You hit the black bear.
The black bear is severely wounded.
The black bear goes berserk!
You hit the black bear but do no damage.
The black bear is severely wounded.
The black bear bites you. The black bear claws you. x2
* * * LOW HITPOINT WARNING * * *
The black bear bites you!
You die...

...# #.# ...# #.#
...# #.# ...# #.#
...# #.# .>### #.#
....### #.#
h...'.###########.#
....#.#........h@.#
#####.#.###########
# #......# #
###.##.# # #.# #
#.# ..# ###


You could see a black bear (berserk).

Vanquished Creatures
  An orc wizard (D:3)
  An adder (D:3)
  A worm (D:2)
  2 dart slugs (D:3)
  2 orcs (D:3)
  3 ball pythons
  3 bats
  8 endoplasms
  2 giant cockroaches (D:1)
  4 hobgoblins
  6 jackals (D:1)
  6 kobolds
  A quokka (D:1)
  2 frilled lizards
  3 goblins
  4 rats
49 creatures vanquished.

Vanquished Creatures (others)
  A kobold (D:3)
1 creature vanquished.

Grand Total: 50 creatures vanquished

Notes
Turn   | Place    | Note
-------+----------+-------------------------------------------
     0 | D:1      | Banquo the Djinni Gladiator began the quest for the Orb.
     0 | D:1      | Reached XP level 1. HP: 18/18 MP: 0/0
   180 | D:1      | Reached skill level 3 in Short Blades
   223 | D:1      | Reached XP level 2. HP: 20/23 MP: 0/0
   713 | D:1      | Reached XP level 3. HP: 25/28 MP: 0/0
   713 | D:1      | Learned a level 1 spell: Corona
   849 | D:1      | Found a faded altar of an unknown god.
  1402 | D:2      | Reached skill level 4 in Short Blades
  2008 | D:3      | Found a hazy altar of Hepliaklqana.
  2012 | D:3      | Noticed a black bear
  2186 | D:3      | Reached XP level 4. HP: 25/33 MP: 0/0
  2751 | D:3      | Noticed an ogre
  2893 | D:3      | Found a stormy altar of Qazlal.
  3420 | D:3      | Noticed Ijyb
  4084 | D:3      | Slain by a black bear

Illustrated notes

Levels and vault maps discovered:
D:1:      erik_arrival_triangle_large, layout_loops_ring,
          shapermc_ecumenical_altar_flowoftime
D:2:      layout_loops_cross
D:3:      layout_basic, mainiacjoe_overflow_brackets,
          mainiacjoe_overflow_concentric_impassable, uniq_robin, uniq_ijyb

Skill      XL: |  1  2  3 |
---------------+----------+-----
Short Blades   | 3 4 |  4.7
Fighting       | |  2.0
Throwing       | |  1.5
Dodging        | |  3.2
Shields        | |  0.4

Action                   |  1- 3 |  4- 6 || total
-------------------------+-------+-------++-------
Melee: Rapier            |   117 |    73 ||   190
 Stab: Sleeping          |     1 |       ||     1
Armor: Leather armour    |    25 |    25 ||    50
Dodge: Dodged            |    55 |    54 ||   109
Block: Buckler           |     2 |    11 ||    13
